 Dungeon Crawl Stone Soup version 0.29.1-1-gd02db6906a (webtiles) character file.

Game seed: 9260847992020907799

95 safid the Shooter (level 4, -4/40 HPs)
             Began as a Minotaur Hunter on Sept 17, 2022.
             Slain by a gnoll
             ... wielding a +0 whip
              (6 damage)
             ... on level 3 of the Dungeon.
             The game lasted 00:02:56 (2011 turns).

safid the Shooter (Minotaur Hunter)                 Turns: 2011, Time: 00:02:57

Health: -4/40      AC:  3    Str: 15    XL:     4   Next: 39%
Magic:  3/3        EV: 13    Int:  6    God:
Gold:   70         SH:  0    Dex: 22    Spells: 3/3 levels left

rFire   . . .      SeeInvis .   a - +0 shortbow
rCold   . . .      Faith    .   (shield currently unavailable)
rNeg    . . .      Spirit   .   c - +0 leather armour
rPois   .          Reflect  .   (helmet restricted)
rElec   .          Harm     .   (no cloak)
rCorr   .          Rampage  .   (no gloves)
Will    +....                   (no boots)
Stlth   ++........              (no amulet)
HPRegen 0.13/turn               k - ring of willpower
MPRegen 0.08/turn               s - +6 ring of dexterity

@: no status effects
A: horns 2, retaliatory headbutt
a: no special abilities


You were on level 3 of the Dungeon.
You visited 1 branch of the dungeon, and saw 3 of its levels.

You collected 70 gold pieces.

Inventory:

Hand Weapons
 a - a +0 shortbow (weapon)
Armour
 c - a +0 leather armour (worn)
Jewellery
 k - a ring of willpower (left hand)
 s - a +6 ring of dexterity (right hand)
 t - a ring of willpower
Scrolls
 d - 2 scrolls of torment {unknown}
 e - a scroll of enchant armour {unknown}
 g - a scroll of butterflies {unknown}
 i - a scroll of amnesia {unknown}
 l - a scroll of enchant weapon {unknown}
 m - 2 scrolls of teleportation {unknown}
 n - a scroll of identify {unknown}
 o - a scroll of vulnerability {unknown}
 p - a scroll of noise {unknown}
 r - a scroll of blinking {unknown}
Potions
 b - a potion of curing {unknown}
 f - a potion of mutation {unknown}
 h - 2 potions of flight {unknown}
 j - a potion of lignification {unknown}
 q - a potion of haste {unknown}


   Skills:
 + Level 3.8 Fighting
 + Level 5.1 Ranged Weapons
 + Level 3.4 Dodging
 - Level 0.7 Stealth


You had 3 spell levels left.
You didn't know any spells.
Your spell library was empty.

Dungeon Overview and Level Annotations

Branches:
Dungeon (3/15)

Altars:
Dithmenos
Hepliaklqana
Vehumet


Innate Abilities, Weirdness & Mutations

You have a pair of horns on your head.
You reflexively headbutt those who attack you in melee.


Message History

The gnoll shouts!
An orc comes into view. It is wielding a +0 mace.
A gnoll comes into view. It is wielding a +0 halberd.
You shoot an arrow. The orc shouts!
The arrow hits the gnoll but does no damage.
You shoot an arrow. The arrow hits the gnoll.
The gnoll is lightly wounded.
The gnoll hits you but does no damage.
You shoot an arrow. The arrow hits the gnoll!
The gnoll is almost dead.
The gnoll misses you.
You shoot an arrow. The arrow hits the gnoll!
You kill the gnoll!
An endoplasm comes into view.
The gnoll barely misses you.
The gnoll hits you from afar with a +0 halberd.
The endoplasm moves out of view.
The gnoll attacks as you move away! The gnoll hits you with a +0 whip.
You shoot an arrow. The arrow hits the orc!
You kill the orc!
You shoot an arrow.
The arrow hits the gnoll but does no damage.
The gnoll hits you from afar with a +0 halberd.
The gnoll misses you.
You shoot an arrow. The arrow hits the gnoll.
The gnoll is lightly wounded.
The gnoll hits you from afar with a +0 halberd!
* * * LOW HITPOINT WARNING * * *
The gnoll hits you with a +0 whip.
* * * LOW HITPOINT WARNING * * *
You are too injured to fight recklessly!
Unknown command.
The gnoll attacks as you move away! The gnoll hits you with a +0 whip.
* * * LOW HITPOINT WARNING * * *
The gnoll attacks as you move away! The gnoll barely misses you.
The gnoll hits you with a +0 whip.
* * * LOW HITPOINT WARNING * * *
The gnoll attacks as you move away! The gnoll hits you with a +0 whip.
You die...

.........#####....###
.......รท........#...#
...#####..#####...#.###
..## ##.### ###.<...#
.## #...## ###..## ##
###..######..>#
##..#.......#
##...#####.# ).
#....@.## .# #.#
.....####g.# .# # #####
##g# .# #)#
..............#
.....)..###...#
........# .# ........#
........#


You could see 2 gnolls.

Vanquished Creatures
  A gnoll (D:3)
  An adder (D:2)
  3 worms (D:2)
  A dart slug (D:1)
  2 orcs (D:3)
  6 ball pythons
  6 bats
  7 endoplasms
  3 giant cockroaches
  6 goblins
  5 hobgoblins
  3 jackals (D:1)
  3 quokkas
  A frilled lizard (D:2)
  5 kobolds
  3 rats
56 creatures vanquished.

Notes
Turn   | Place    | Note
-------+----------+-------------------------------------------
     0 | D:1      | safid the Minotaur Hunter began the quest for the Orb.
     0 | D:1      | Reached XP level 1. HP: 18/18 MP: 0/0
   216 | D:1      | Reached XP level 2. HP: 25/25 MP: 1/1
   232 | D:1      | Found a faded altar of an unknown god.
   563 | D:1      | Reached XP level 3. HP: 27/31 MP: 2/2
  1240 | D:2      | Reached skill level 5 in Ranged Weapons
  1744 | D:3      | Reached XP level 4. HP: 39/39 MP: 3/3
  1789 | D:3      | Found a hazy altar of Hepliaklqana.
  1792 | D:3      | Found a shadowy altar of Dithmenos.
  1793 | D:3      | Noticed a shadow
  1896 | D:3      | Found a radiant altar of Vehumet.
  2010 | D:3      | HP: 2/40 [gnoll/+0 whip (5)]
  2011 | D:3      | Slain by a gnoll

Illustrated notes

Levels and vault maps discovered:
D:1:      minmay_arrival_jagged, layout_basic, basic_ecumenical_altar,
          serial_corexii_hall, corexii_hall_statues_x, corexii_hall_statues_x,
          minivault_5, chequers_serial_rivers_small_3,
          chequers_serial_rivers_large_b, minivault_27, minivault_27,
          chequers_serial_rivers_micro_b
D:2:      layout_basic
D:3:      layout_rooms, riverfiend_overflow_shadow_ancestor,
          mainiacjoe_overflow_big_doors

Skill      XL: |  1  2  3 |
---------------+----------+-----
Fighting       | 3 |  3.8
Dodging        | 3 |  3.4
Ranged Weapons | 5 |  5.1
Stealth        | |  0.7

Action                   |  1- 3 |  4- 6 || total
-------------------------+-------+-------++-------
 Fire: Shortbow          |   113 |    33 ||   146
Armor: Leather armour    |     7 |     1 ||     8
Dodge: Dodged            |    31 |     8 ||    39
